 Dungeon Crawl Stone Soup version 0.25-a0-860-gf695395b5c (webtiles) character file.

Game seed: 15777945104648053584, levelgen mode: deterministic

414 Maedhros the Poker (level 6, -2/42 HPs)
             Began as an Octopode Fighter on Apr 27, 2020.
             Was an Elder of Jiyva.
             Slain by a sky beast (6 damage)
             ... on level 5 of the Dungeon.
             The game lasted 00:04:56 (5204 turns).

Maedhros the Poker (Octopode Fighter)               Turns: 5204, Time: 00:04:56

Health: -2/42      AC:  1    Str: 14    XL:     6   Next: 91%
Magic:  6/6        EV: 12    Int:  6    God:    Jiyva [****..]
Gold:   155        SH: 13    Dex: 19    Spells: 5/5 levels left

rFire    . . .     SeeInvis .   a - +0 trident
rCold    . . .     Gourm    .   b - +0 kite shield
rNeg     . . .     Faith    .   (helmet restricted)
rPois    .         Spirit   .   (no amulet)
rElec    .         Reflect  .   (no ring)
rCorr    +         Harm     .   (no ring)
MR       .....                  (no ring)
Stlth    +++.......             (no ring)
HPRegen  0.14/turn              (no ring)
MPRegen  0.10/turn              (no ring)
                                (no ring)
                                (no ring)

@: no status effects
A: almost no armour, stealthy swim, amphibious, 8 rings, constrict 8, large bone
plates 1, camouflage 1, blurry vision 1, gelatinous body 1
a: Request Jelly, Slimify, Renounce Religion


You were on level 5 of the Dungeon.
You worshipped Jiyva.
Jiyva was greatly pleased with you.
You were not hungry.

You visited 1 branch of the dungeon, and saw 5 of its levels.

You collected 155 gold pieces.

Inventory:

Hand Weapons
 a - a +0 trident (weapon)
Missiles
 j - 37 arrows
 n - 11 poisoned darts (quivered)
Armour
 b - a +0 kite shield (worn)
Scrolls
 e - 5 scrolls of remove curse {unknown}
 f - a scroll of identify {unknown}
 i - a scroll of fog {unknown}
 l - a scroll of amnesia {unknown}
 m - a scroll of magic mapping {unknown}
Potions
 c - a potion of might
 g - a potion of heal wounds
 h - a potion of curing {unknown}
 k - a potion of brilliance {unknown}
Comestibles
 d - 5 rations


   Skills:
 - Level 3.0 Fighting
 + Level 7.2 Polearms
 - Level 3.0 Dodging
 - Level 3.0 Shields


You had 5 spell levels left.
You didn't know any spells.
Your spell library was empty.

Dungeon Overview and Level Annotations

Branches:
Dungeon (5/15)
 Temple: D:4-7

Altars:
Jiyva


Innate Abilities, Weirdness & Mutations

You cannot wear most types of armour.
You are very stealthy in the water. (Stealth+)
You are amphibious.
You can wear up to eight rings at the same time.
You can use your tentacles to constrict eight enemies at once.
Your skin changes colour to match your surroundings (Stealth+).
Your rubbery body absorbs attacks. (AC +1, EV +1)
You are partially covered in large bone plates. (SH +4)
Scrolls take you a little longer to read.


Message History

You barely miss the sky beast.
The sky beast is almost dead.
The sky beast hits you. The sky beast shocks you.
You barely miss the sky beast. Your squeeze misses the sky beast.
The sky beast is almost dead.
You block the sky beast's attack.
Jiyva gurgles merrily.
Jiyva's power touches on your attributes.
You feel agile.
You feel stupid.
You completely miss the sky beast.
The sky beast is almost dead.
The sky beast hits you. The sky beast shocks you.
* * * LOW HITPOINT WARNING * * *
You closely miss the sky beast.
The sky beast is almost dead.
The sky beast hits you.
* * * LOW HITPOINT WARNING * * *
The sky beast shocks you.
You die...

#..# #....#....# #..#
#.........#
###..##########.#.####
##....#...............#
#.......####.....#.....#
#..####$# ##.#..#..#..#
##.≈####.# #....# ....#
#.....##.##########
###.# #...#....Y@....# #
#...####.#####.#
#........# #........#
#....###.# #...a# #.#
#....# #.. ...#s.. ..##
#####.## ###


You could see a sky beast.

Vanquished Creatures
  A phantom (D:5)
  An ogre (D:4)
  An orc wizard (D:4)
  A gnoll shaman (D:4)
  A hound (D:5)
  2 worker ants (D:4)
  Terence (D:3)
  6 adders
  A worm (D:2)
  A dart slug (D:1)
  2 leopard geckos
  8 orcs
  2 ball pythons (D:2)
  6 giant cockroaches
  3 goblins
  9 hobgoblins
  4 bats
  3 frilled lizards
  2 kobolds
  7 rats
62 creatures vanquished.

Vanquished Creatures (others)
  5 jellies
  An orc priest (D:4)
  An iguana (D:4)
  3 worker ants (D:4)
  6 gnolls (D:4)
  4 adders
  A worm (D:4)
  3 orcs (D:4)
  A ball python (D:4)
  A hobgoblin (D:3)
  3 quokkas (D:3)
  A kobold (D:3)
  A leopard gecko skeleton (D:4)
31 creatures vanquished.

Grand Total: 93 creatures vanquished

Notes
Turn   | Place    | Note
-------+----------+-------------------------------------------
     0 | D:1      | Maedhros the Octopode Fighter began the quest for the Orb.
     0 | D:1      | Reached XP level 1. HP: 16/16 MP: 1/1
   463 | D:2      | Reached XP level 2. HP: 21/21 MP: 2/2
   517 | D:3      | Found a faded altar of an unknown god.
   539 | D:3      | Became a worshipper of Jiyva Jaoqah the Shapeless
   539 | D:3      | Reached * piety under Jiyva
   669 | D:3      | Reached skill level 3 in Polearms
   694 | D:3      | Noticed Terence
   748 | D:3      | Killed Terence
   748 | D:3      | Reached XP level 3. HP: 13/26 MP: 3/3
   785 | D:3      | Reached skill level 4 in Polearms
   991 | D:3      | Reached ** piety under Jiyva
  1251 | D:3      | Reached XP level 4. HP: 24/31 MP: 4/4
  2337 | D:1      | Reached *** piety under Jiyva
  2359 | D:1      | Reached skill level 5 in Polearms
  2363 | D:1      | Reached XP level 5. HP: 36/36 MP: 5/5
  4047 | D:4      | Gained mutation: Scrolls take you a little longer to read.
                  | [Jiyva's grace]
  4369 | D:4      | Reached **** piety under Jiyva
  4376 | D:4      | Identified the +0 robe of the Exiled Seas {Str+2 Int+4}
  4410 | D:4      | Noticed an ogre
  4492 | D:4      | Killed an ogre
  4492 | D:4      | Reached skill level 6 in Polearms
  4492 | D:4      | Reached XP level 6. HP: 6/42 MP: 6/6
  4802 | D:4      | Gained mutation: You are partially covered in large bone
                  | plates. (SH +4) [Jiyva's grace]
  5084 | D:5      | Entered Level 5 of the Dungeon
  5093 | D:5      | Noticed a phantom
  5108 | D:5      | Killed a phantom
  5108 | D:5      | Reached skill level 7 in Polearms
  5148 | D:5      | Noticed a sky beast
  5204 | D:5      | Slain by a sky beast

Levels and vault maps discovered:
D:1:      dpeg_arrival_oval, layout_basic, minmay_pentomino_t4
D:2:      layout_basic, minmay_door_square
D:3:      layout_loops_corners, chequers_ecumenical_altar_island,
          chequers_serial_rivers_marsh, uniq_terence
D:4:      layout_cave_pools, minmay_joined_circles
D:5:      layout_loops_ring, first_ration, hangedman_abyss_or_decor_passed

Skill      XL: |  1  2  3  4  5  6 |
---------------+-------------------+-----
Polearms       | 3 4 5 6 7 |  7.2
Fighting       | |  3.0
Dodging        | |  3.0
Shields        | |  3.0

Action                   |  1- 3 |  4- 6 || total
-------------------------+-------+-------++-------
Melee: Trident           |    51 |   131 ||   182
       Constrict         |    11 |    24 ||    35
       Tentacles         |     5 |    17 ||    22
  Use: Potion            |       |     1 ||     1
 Stab: Sleeping          |     5 |     8 ||    13
       Distracted        |       |     2 ||     2
  Eat: Chunk             |       |     2 ||     2
       Ration            |       |     1 ||     1
Armor: Skin              |       |     3 ||     3
Dodge: Dodged            |     7 |    36 ||    43
Block: Kite shield       |     8 |    41 ||    49

Table legend:
 A = Non-vault XP
 B = Vault XP
 C = Vault XP percentage of total XP
 D = Non-vault monster count
 E = Vault monster count
 F = Vault count percentage of total count
                 A         B        C        D         E       F
            +---------+---------+-------+---------+---------+-------
      Total |     522 |      70 |  11.8 |      58 |       5 |   7.9
            +---------+---------+-------+---------+---------+-------
        D:1 |      19 |       5 |  20.8 |      10 |       3 |  23.1
        D:2 |      61 |       0 |   0.0 |      20 |       0 |   0.0
        D:3 |      50 |      32 |  39.0 |      15 |       1 |   6.2
        D:4 |     215 |      33 |  13.3 |      10 |       1 |   9.1
        D:5 |     177 |       0 |   0.0 |       3 |       0 |   0.0
            +---------+---------+-------+---------+---------+-------
